cohdb
Replays
Latest Replays
All Replays
Popular Replays
Top Player Replays
Match Explorer
How It Works
Community
CoH3 Stats
Reddit
Sign in to upload your games and track your stats! →
Sign in with Steam
Match 42423244
Unlisted
Match 42423244
Overview
Messages
Build Orders
End
Kradschützen Motorcycle Team
Panzergrenadier Squad
Panzergrenadier Squad
Construct Light Support Kompanie
Combat Half-tracks
Fire Support Elements
Panzergrenadier Squad
Panzerjäger Mechanized Group
Selects Armored Support Battlegroup
Selects Superior Fire Drills
Construct Mechanized Kompanie
Marder III Tank Destroyer
Selects Salvage Kits
StuG III D Assault Gun
2.5-tonne Medical Truck
StuG III D Assault Gun
Selects Panzer Storm
Vehicle Survival Package
Emergency Repair Kits
Construct Panzerarmee Kommand
Armored Reserves
Rapid Advance
Selects Stuka Dive Bomb
Landser
Symbiosis
*Mule
FeriG
We are currently clear on OPSEC
UMirinBrah?
Dark Angels
Tirant
0
0
Comments
sign in to comment!
No comments posted yet!